 Dungeon Crawl Stone Soup version 0.27-a0-1525-g1038ab4fd7 (webtiles) character file.

Game seed: 3266726500365516141

39 tilp the Caller (level 3, 0/27 HPs)
             Began as a Barachi Summoner on July 10, 2021.
             Slain by Terence (4 damage)
             ... on level 2 of the Dungeon.
             The game lasted 00:02:32 (1665 turns).

tilp the Caller (Barachi Summoner)                  Turns: 1665, Time: 00:02:34

Health: 0/27       AC:  5    Str: 10    XL:     3   Next: 45%
Magic:  2/7        EV: 14    Int: 15    God:
Gold:   33         SH:  0    Dex: 12    Spells: 1/7 levels left

rFire    . . .     SeeInvis .   b - +0 long sword
rCold    . . .     Faith    .   (no shield)
rNeg     . . .     Spirit   .   e - +0 ring mail
rPois    .         Reflect  .   (no helmet)
rElec    .         Harm     .   (no cloak)
rCorr    .         Rampage  .   (no gloves)
Will     .....                  (no boots)
Stlth    +.........             (no amulet)
HPRegen  0.09/turn              h - +4 ring of evasion
MPRegen  0.10/turn              (no ring)

@: unable to hop, slow
A: amphibious, slowness 1, strong legs 1, +LOS
a: Hop


You were on level 2 of the Dungeon.
You visited 1 branch of the dungeon, and saw 2 of its levels.

You collected 33 gold pieces.

Inventory:

Hand Weapons
 a - a +0 dagger of freezing
 b - a +0 long sword (weapon)
 c - a +0 dagger
 d - a +0 short sword
Armour
 e - a +0 ring mail (worn)
Jewellery
 h - a +4 ring of evasion (left hand)
 i - a +4 ring of protection
 j - a ring of magical power
Scrolls
 g - 2 scrolls of identify


   Skills:
 - Level 2.0 Fighting
 - Level 2.1 Dodging
 - Level 1.7 Stealth
 + Level 2.8 Spellcasting
 + Level 5.3 Summonings


You had one spell level left.
You knew the following spells:

 Your Spells              Type           Power      Damage    Failure   Level
a - Summon Small Mammal   Summ           72%        N/A       6%          1
b - Call Imp              Summ           18%        N/A       9%          2
c - Call Canine Familiar  Summ           18%        N/A       19%         3

Your spell library contained the following spells:

 Spells                   Type           Power      Damage    Failure   Level
 Summon Guardian Golem    Hex/Summ       10%        N/A       47%         3
 Static Discharge         Conj/Air       2%         N/A       63%         2
 Gell's Gravitas          Tloc           1%         N/A       85%         3
 Ignite Poison            Fire/Tmut/Pois 2%         N/A       85%         3
 Lesser Beckoning         Tloc           1%         N/A       85%         3
 Mephitic Cloud           Conj/Pois/Air  2%         N/A       85%         3
 Teleport Other           Tloc           2%         N/A       85%         3
 Summon Lightning Spire   Summ/Air       10%        N/A       87%         4
 Bolt of Magma            Conj/Fire/Erth 1%         4d4       100%        5
 Lightning Bolt           Conj/Air       1%         1d12      100%        5
 Maxwell's Capacitive Co  Air            1%         ∞         100%        8


Dungeon Overview and Level Annotations

Branches:
Dungeon (2/15)

Altars:

Annotations:
D:2 Terence


Innate Abilities, Weirdness & Mutations

You are amphibious.
You cover ground slowly.
You can hop short distances.
You have an extended range of vision and can be seen from far away.


Message History

Your crimson imp hits Terence but does no damage.
Terence hits you with a +0 mace.
You are too injured to fight recklessly!
Unknown command.
You are too injured to fight recklessly!
Unknown command.
You hit Terence.
Terence is moderately wounded.
Your crimson imp hits Terence but does no damage.
Your crimson imp blinks!
Terence hits you with a +0 mace.
* * * LOW HITPOINT WARNING * * *
Unknown command.
Hop to where?
Press: ? - help, Dir - move target Boing!
Your crimson imp closely misses Terence.
Your crimson imp blinks!
Your crimson imp blinks!
There is a stone staircase leading up here.
You hit Terence.
Terence is moderately wounded.
Terence hits you with a +0 mace.
* * * LOW HITPOINT WARNING * * *
Unknown command.
You aren't carrying any potions.
Unknown command.
As you read the scroll of fear, it crumbles to dust.
You assume a fearsome visage.
Terence looks frightened!
Terence misses your crimson imp.
Your crimson imp closely misses Terence.
Unknown command.
You hit Terence.
Your attack snaps Terence out of his fear.
Terence is moderately wounded.
Terence closely misses you.
Your crimson imp hits Terence but does no damage.
Your crimson imp blinks!
Your crimson imp hits Terence.
Terence hits you with a +0 mace.
You die...

#)##.....> #
#|#...#### .##
##...#.#.. ...
#####....#.#.# #.#
#.......##.#.# ## ...
#.##....##...#
....##.##÷##.#......##
...........#.#...####
##.####.@@5..§.#.##
#............[...###
....########....5...#
.. #.#...#.....#
#.#...##..... ..#...#
##.... ####55.######..
#.......# . #?.####.#


You could see Terence (ally target) and 2 friendly crimson imps.

Vanquished Creatures
  A dart slug (D:1)
  An endoplasm (D:1)
  A goblin (D:2)
  A hobgoblin (D:1)
  3 jackals (D:1)
  4 kobolds (D:1)
  A quokka (D:2)
  A ball python (D:2)
  A bat (D:1)
  2 frilled lizards (D:1)
  3 rats
19 creatures vanquished.

Vanquished Creatures (collateral kills)
  An adder (D:2)
  A worm (D:2)
  A dart slug (D:1)
  A goblin (D:1)
  2 hobgoblins (D:1)
  A ball python (D:2)
  3 kobolds (D:1)
10 creatures vanquished.

Grand Total: 29 creatures vanquished

Notes
Turn   | Place    | Note
-------+----------+-------------------------------------------
     0 | D:1      | tilp the Barachi Summoner began the quest for the Orb.
     0 | D:1      | Reached XP level 1. HP: 13/13 MP: 3/3
   337 | D:1      | Reached skill level 1 in Fighting
   616 | D:1      | Reached XP level 2. HP: 19/22 MP: 3/5
   880 | D:1      | Reached skill level 5 in Summonings
  1048 | D:1      | Found a faded altar of an unknown god.
  1210 | D:1      | Reached XP level 3. HP: 27/27 MP: 4/6
  1213 | D:1      | Learned a level 2 spell: Call Imp
  1217 | D:1      | Learned a level 3 spell: Call Canine Familiar
  1641 | D:2      | Noticed Terence
  1665 | D:2      | Slain by Terence

Illustrated notes

Levels and vault maps discovered:
D:1:      saegor_arrival_miasma, layout_basic, ebering_ecumenical_altar_webs,
          minmay_tripent
D:2:      layout_rooms, minmay_split_cup_small, uniq_terence,
          uniq_crazy_yiuf_cottage, uniq_robin

Skill      XL: |  1  2 |
---------------+-------+-----
Fighting       | 2 |  2.0
Summonings     | 5 |  5.3
Dodging        | |  2.1
Stealth        | |  1.7
Spellcasting   | |  2.8

Action                   || total
-------------------------++-------
Melee: Long sword        ||    52
       Dagger            ||    20
       Unarmed           ||     2
 Cast: Summon Small Mamm ||    20
       Call Imp          ||     5
       Call Canine Famil ||     1
 Abil: Hop               ||     1
  Use: Scroll            ||     2
Armor: Ring mail         ||    27
Dodge: Dodged            ||    63
       Rpst.: Long sword ||    18

Table legend: (Time is in decaauts)
 A = Elapsed time spent in this place.
 B = Non-inter-level travel time spent in this place.
 C = Inter-level travel time spent in this place.
 D = Time resting spent in this place.
 E = Time spent auto-exploring this place.
 F = Levels seen in this place.
 G = Mean time per level.
                   A        B        C        D        E       F      G
               +--------+--------+--------+--------+--------+-----+--------+
         Total |   1831 |   1778 |     53 |    660 |    839 |   2 |  915.5 |
       Dungeon |   1831 |   1778 |     53 |    660 |    839 |   2 |  915.5 |
               +--------+--------+--------+--------+--------+-----+--------+

Top non-repeatable levels by time:
     D:1: 1419 daAuts
     D:2: 412 daAuts
